 Dungeon Crawl Stone Soup version 0.32-a0-350-g4f4d228785 (webtiles) character file.

Game seed: 17135951824863444960

120 seren the Digger (level 5, -2/28 HPs)
             Began as a Gargoyle Earth Elementalist on Feb 17, 2024.
             Slain by a gnoll
             ... wielding a +0 flail of protection
              (5 damage)
             ... on level 2 of the Dungeon.
             The game lasted 00:04:19 (2158 turns).

seren the Digger (Gargoyle Earth Elementalist)      Turns: 2158, Time: 00:04:20

Health: -2/28      AC:  7    Str: 12    XL:     5   Next: 4%
Magic:  4/8        EV: 12    Int: 17    God:
Gold:   74         SH:  0    Dex: 10    Spells: 5/9 levels left

rFire   . . .        p - +1 mace (protect)
rCold   + . .        (no shield)
rNeg    + . .        a - +0 robe
rPois   ∞            (no helmet)
rElec   +            (no cloak)
rCorr   .            (no gloves)
SInv    .            c - +0 pair of boots
Will    .....        (no amulet)
Stlth   ++           h - ring of protection from cold
HPRegen 0.24/turn    (no ring)
MPRegen 0.11/turn

%: no passive effects
@: no status effects
A: sickness immunity, AC +4, negative energy resistance 1, electricity
resistance, torment resistance 1, petrification resistance
a: no special abilities


You were on level 2 of the Dungeon.
You visited 1 branch of the dungeon, and saw 2 of its levels.

You collected 74 gold pieces.

Inventory:

Hand Weapons
 p - a +1 mace of protection (weapon)
 q - a +2 dagger of speed
Missiles
 f - 2 boomerangs
Armour
 a - a +0 robe (worn)
 c - a +0 pair of boots (worn)
 m - a +0 leather armour
Jewellery
 h - a ring of protection from cold (left hand)
Scrolls
 g - a scroll of amnesia {unknown}
 j - a scroll of fog {unknown}
 k - 3 scrolls of identify {unknown}
 l - a scroll of butterflies {unknown}
 n - a scroll of torment {unknown}
 o - a scroll of enchant armour {unknown}
 r - a scroll of blinking {unknown}
Potions
 b - a potion of magic
 d - a potion of ambrosia {unknown}
 e - a potion of curing {unknown}
 i - a potion of brilliance {unknown}


   Skills:
 + Level 2.2 Dodging
 + Level 3.1 Stealth
 + Level 2.6 Spellcasting
 * Level 2.5 Conjurations
 * Level 4.5 Earth Magic


You had 5 spell levels left.
You knew the following spells:

 Your Spells              Type           Power      Damage    Failure   Level
a - Sandblast             Erth           34%        2d9       3%          1
b - Passwall              Erth           17%        N/A       9%          3

Your spell library contained the following spells:

 Spells                   Type           Power      Damage    Failure   Level
 Stone Arrow              Conj/Erth      28%        3d8       13%         3
 Brom's Barrelling Bould  Conj/Erth      14%        2d4       38%         4
 Petrify                  Alch/Erth      9%         N/A       58%         4


Dungeon Overview and Level Annotations

Branches:
Dungeon (2/15)

Altars:

Annotations:
D:2 1 runed translucent door, Crazy Yiuf


Innate Abilities, Weirdness & Mutations

You are immune to sickness and miasma.
Your stone body is resilient. (AC +4)
You are immune to poison.
You resist negative energy. (rN+)
You are resistant to electric shocks. (rElec)
You are resistant to unholy torment.
You are immune to petrification.


Message History

You kill the gnoll!
The blast of sand hits the gnoll.
The gnoll is moderately wounded.
The gnoll barely misses you.
The blast of sand hits the gnoll.
The gnoll is heavily wounded.
The gnoll misses you. The gnoll hits you with a +0 whip.
The blast of sand hits the gnoll!
You kill the gnoll!
You have reached level 5!
There is a stone staircase leading down here.
There is a stone staircase leading up here.
You climb upwards.
There is a stone staircase leading down here.
You start resting.
Magic restored.
You climb downwards.
Level annotation: 1 runed translucent door, Crazy Yiuf The gnoll hits you with a +0 flail of protection.
There is a stone staircase leading up here.
The blast of sand hits the gnoll but does no damage.
The gnoll hits you with a +0 flail of protection. x2
* * * LOW HITPOINT WARNING * * *
The blast of sand hits the gnoll but does no damage.
The gnoll misses you.
The blast of sand hits the gnoll.
The gnoll is heavily wounded.
The gnoll closely misses you. The gnoll completely misses you.
The blast of sand misses the gnoll.
The gnoll hits you with a +0 flail of protection!
* * * LOW HITPOINT WARNING * * *
You are too injured to fight recklessly!
You are too injured to fight recklessly!
You are too injured to fight recklessly!
You closely miss the gnoll.
The gnoll is heavily wounded.
The gnoll hits you with a +0 flail of protection.
* * * LOW HITPOINT WARNING * * *
The gnoll hits you with a +0 flail of protection.
You die...

...........#..##################.
..########.#..# ############.
..)).g.....#..# #..........#.
.###.......#..# #..........#. .#
#.......#..#######..........#. .#
#.......#..................... .#
#.......#.##................## g#
####'##.#.##..g.............## .#
#.##.#.##.@..............##
.######......[.................##
.........>......................#
########÷.......................#
....[..........##########.#####.#
###..........### ### #.#
#..........# #.#
#..........######## #.#
#.................# ###


You could see a gnoll.

Vanquished Creatures
  2 adders (D:2)
  3 gnolls
  2 ribbon worms (D:2)
  5 endoplasms
  3 giant cockroaches
  4 hobgoblins
  2 quokkas
  4 ball pythons
  2 bats
  3 frilled lizards (D:1)
  4 goblins
  A kobold (D:1)
  6 rats
41 creatures vanquished.

Notes
Turn   | Place    | Note
-------+----------+-------------------------------------------
     0 | D:1      | seren the Gargoyle Earth Elementalist began the quest for
                  | the Orb.
     0 | D:1      | Reached XP level 1. HP: 10/10 MP: 3/3
   145 | D:1      | Reached XP level 2. HP: 15/15 MP: 1/5
   376 | D:1      | Reached XP level 3. HP: 19/19 MP: 1/6
   613 | D:1      | Reached skill level 4 in Earth Magic
  1244 | D:2      | Learned a level 3 spell: Passwall
  1265 | D:2      | Reached XP level 4. HP: 24/24 MP: 5/7
  1524 | D:2      | Found a runed translucent door.
  1525 | D:2      | Noticed Crazy Yiuf
  2097 | D:2      | Reached XP level 5. HP: 24/28 MP: 1/8
  2158 | D:2      | Slain by a gnoll

Illustrated notes

Levels and vault maps discovered:
D:1:      doesnt_arrival_eight_statues, layout_loops_ring
D:2:      layout_basic, uniq_crazy_yiuf_cottage

Skill      XL: |  1  2  3  4 |
---------------+-------------+-----
Earth Magic    | 4 |  4.5
Dodging        | 2 |  2.2
Conjurations   | 2 |  2.5
Stealth        | 3 |  3.1
Spellcasting   | |  2.6

Action                     |  1- 3 |  4- 6 || total
---------------------------+-------+-------++-------
  Melee: Unarmed           |     3 |       ||     3
         Mace              |     4 |     3 ||     7
   Cast: Sandblast         |    43 |    26 ||    69
   Stab: Sleeping          |       |     1 ||     1
 Armour: Robe              |    16 |    12 ||    28
  Dodge: Dodged            |    22 |    10 ||    32

Table legend: (Time is in decaauts)
 A = Elapsed time spent in this place.
 B = Non-inter-level travel time spent in this place.
 C = Inter-level travel time spent in this place.
 D = Time resting spent in this place.
 E = Time spent auto-exploring this place.
 F = Levels seen in this place.
 G = Mean time per level.
                   A        B        C        D        E       F      G
               +--------+--------+--------+--------+--------+-----+--------+
         Total |   2197 |   2062 |    135 |    129 |   1448 |   2 | 1098.5 |
       Dungeon |   2197 |   2062 |    135 |    129 |   1448 |   2 | 1098.5 |
               +--------+--------+--------+--------+--------+-----+--------+

Top non-repeatable levels by time:
     D:1: 1190 daAuts
     D:2: 1007 daAuts
